 Dungeon Crawl Stone Soup version 0.19.0-2-gae57169 (webtiles) character file.

3472 Inkary the Cleaver (level 9, 0/85 HPs)
             Began as a Minotaur Fighter on Nov 5, 2016.
             Was a Believer of Okawaru.
             Succumbed to a killer bee's poison
             ... on level 7 of the Dungeon.
             The game lasted 00:11:15 (6978 turns).

Inkary the Cleaver (Minotaur Fighter)               Turns: 6978, Time: 00:11:15

Health: 0/85       AC: 12    Str: 32    XL:     9   Next: 79%
Magic:  8/8        EV:  7    Int:  5    God:    Okawaru [**....]
Gold:   468        SH: 13    Dex:  7    Spells: 0 memorised, 8 levels left

rFire  . . .     SeeInvis +     E - +2 hand axe (vamp)
rCold  + . .     Gourm    .     b - +1 scale mail
rNeg   . . .     Faith    .     c - +0 shield
rPois  .         Spirit   .     (helmet restricted)
rElec  .         Reflect  +     a - +0 cloak
rCorr  .         Harm     .     I - +0 pair of gloves
MR     .....                    (no boots)
Stlth  ..........               i - +3 amulet of reflection
                                k - ring of see invisible
                                t - +5 ring of strength

@: lethally poisoned (0 -> -18)
A: retaliatory headbutt, fangs 1, horns 2, molten scales 1, clumsy 1, cold
resistance 1, strong 1
a: Heroism, Renounce Religion


You were on level 7 of the Dungeon.
You worshipped Okawaru.
Okawaru was pleased with you.
You were not hungry.

You visited 2 branches of the dungeon, and saw 9 of its levels.

You collected 468 gold pieces.

Inventory:

Hand Weapons
 E - a +2 vampiric hand axe (weapon)
Missiles
 r - a throwing net (quivered)
Armour
 a - a +0 cloak (worn)
 b - a +1 scale mail (worn)
 c - a +0 shield (worn)
 I - a +0 pair of gloves (worn)
Jewellery
 i - a +3 amulet of reflection (around neck)
 k - a ring of see invisible (right hand)
 t - a +5 ring of strength (left hand)
 L - an uncursed amulet of guardian spirit {unknown}
Wands
 y - a wand of flame (48/48)
 B - a wand of lightning (7/15)
 D - a wand of iceblast (1/15)
 K - a wand of iceblast (4/15)
 M - a wand of polymorph (8/24)
Scrolls
 e - 2 scrolls of fog {unknown}
 g - 2 scrolls of random uselessness
 h - 2 scrolls of teleportation
 j - 5 scrolls of amnesia
 l - 4 scrolls of remove curse
 m - 3 scrolls of recharging
 p - a scroll of identify
 s - a scroll of magic mapping {unknown}
 J - a scroll of silence {unknown}
Potions
 u - 2 potions of magic
 v - a potion of agility {unknown}
 w - a potion of cure mutation
 x - a potion of beneficial mutation
 A - 3 potions of berserk rage {unknown}
 C - a potion of flight {unknown}
 F - a potion of mutation {unknown}
 G - 2 potions of degeneration {unknown}
 H - a potion of lignification {unknown}
Comestibles
 d - 5 chunks of flesh
 f - 6 bread rations
 o - 5 meat rations
 q - 2 fruits


   Skills:
 + Level 10.2 Fighting
 * Level 11.6 Axes
 + Level 6.0 Throwing
 - Level 3.6 Armour
 - Level 3.6 Shields


You had 8 spell levels left.
You didn't know any spells.

Dungeon Overview and Level Annotations

Branches:
Dungeon (8/15)             Temple (1/1) D:6
   Lair: D:8-11

Altars:
Ashenzari
Cheibriados
Dithmenos
Elyvilon
Fedhas
Gozag
Hepliaklqana
Kikubaaqudgha
Makhleb
Nemelex Xobeh
Okawaru
Qazlal
Ru
Sif Muna
Trog
Uskayaw
Vehumet
Xom
Yredelemnul
Zin
The Shining One


Innate Abilities, Weirdness & Mutations

You reflexively headbutt those who attack you in melee.
You have a pair of horns on your head.
You have very sharp teeth.
You are partially covered in molten scales. (AC +2)
You are clumsy. (Dex -2)
Your flesh is cold resistant. (rC+)
Your muscles are strong. (Str +2)


Message History

The killer bee barely misses you.
You hit the killer bee.
You kill the killer bee!
Okawaru accepts your kill.
* * * LOW HITPOINT WARNING * * *
You feel sick.
It was a potion of beneficial mutation.
You feel resistant to cold.
You feel fantastic!
* * * LOW HITPOINT WARNING * * *
You feel sick. The killer bee stings you.
* * * LOW HITPOINT WARNING * * *
You block the killer bee's attack.
You miss the killer bee.
The killer bee is lightly wounded.
* * * LOW HITPOINT WARNING * * *
You feel sick. You block the killer bee's attack.
The killer bee barely misses you.
It was a potion of magic.
Magic courses through your body.
You die...

##............# #..........##.#
######### #..#######.##.#####
##........ #..# #.##.#...##
#.#....### #..#
#.##..###.####.###.... #..#
#####.##.##........####### #..#
#.....[†)...........# #..#
#.###.##.##.##.###..# #..# #.#
#.##.@#.#.####..#### #..# #.#
#.##.#y†.###.......# #
#.†###.###.##.##...##.########.
#.............####.##.# #.
######.######## #.##<# #.#
#.#### #.# #.# #.# #.# #.# #.#


You could see a killer bee.

Vanquished Creatures
  Pikel (D:6)
  A queen bee (D:7)
  Duvessa (D:6)
  3 sky beasts
  An ice beast (D:8)
  A black bear (D:8)
  A slave (D:6)
  4 ogres
  2 bullfrogs
  Dowan (D:6)
  14 killer bees
  3 wights (D:6)
  4 crimson imps
  A bullfrog zombie (D:8)
  8 hounds
  A jelly (D:8)
  3 orc wizards
  2 orc priests
  Crazy Yiuf (D:7)
  A bullfrog skeleton (D:7)
  Ijyb (D:3)
  An iguana (D:6)
  A worker ant (D:4)
  A hound zombie (D:6)
  A howler monkey zombie (D:8)
  7 adders
  2 shadow imps
  2 oozes (D:4)
  An adder skeleton (D:6)
  2 worms
  2 dart slugs (D:1)
  6 leopard geckos
  28 orcs
  4 ball pythons
  7 giant cockroaches
  3 goblins
  8 hobgoblins
  9 jackals
  3 quokkas
  14 bats
  5 frilled lizards
  4 kobolds
  3 rats
  A fungus (D:6)
170 creatures vanquished.

Vanquished Creatures (others)
  A centaur (D:8)
1 creature vanquished.

Grand Total: 171 creatures vanquished

Notes
Turn   | Place    | Note
-------+----------+-------------------------------------------
     0 | D:1      | Inkary the Minotaur Fighter began the quest for the Orb.
     0 | D:1      | Reached XP level 1. HP: 19/19 MP: 0/0
    48 | D:1      | Reached skill level 3 in Axes
    87 | D:1      | Reached XP level 2. HP: 24/27 MP: 1/1
   689 | D:2      | Reached XP level 3. HP: 33/33 MP: 2/2
   786 | D:2      | Reached skill level 4 in Axes
  1213 | D:2      | Noticed a killer bee
  1923 | D:3      | Reached XP level 4. HP: 34/40 MP: 3/3
  1970 | D:3      | Reached skill level 5 in Axes
  2093 | D:3      | Found a faded altar of an unknown god.
  2095 | D:3      | Noticed Ijyb
  2107 | D:3      | Killed Ijyb
  2227 | D:4      | Reached XP level 5. HP: 45/47 MP: 4/4
  2325 | D:4      | Reached skill level 5 in Fighting
  2380 | D:4      | Reached skill level 6 in Axes
  2984 | D:5      | Entered Level 5 of the Dungeon
  3050 | D:5      | Reached XP level 6. HP: 52/56 MP: 5/5
  3384 | D:5      | Reached skill level 7 in Axes
  4151 | D:6      | Reached XP level 7. HP: 63/63 MP: 6/6
  4174 | D:6      | Reached skill level 8 in Axes
  4444 | D:6      | Found a staircase to the Ecumenical Temple.
  4542 | D:6      | Noticed Pikel
  4553 | D:6      | Killed Pikel
  4553 | D:6      | Reached XP level 8. HP: 53/74 MP: 7/7
  4689 | Temple   | Entered the Ecumenical Temple
  4709 | Temple   | Became a worshipper of Warmaster Okawaru
  5269 | D:6      | Reached skill level 9 in Axes
  5274 | D:6      | Gained mutation: You are clumsy. (Dex -2) [mutagenic meat]
  5275 | D:6      | Gained mutation: Your muscles are strong. (Str +2) [mutagenic meat]
  5276 | D:6      | Gained mutation: You have very sharp teeth. [mutagenic meat]
  5277 | D:6      | Gained mutation: You are partially covered in molten scales. (AC +2) [mutagenic meat]
  5286 | D:6      | Noticed Duvessa
  5286 | D:6      | Noticed Dowan
  5302 | D:6      | Killed Duvessa
  5305 | D:6      | Killed Dowan
  5479 | D:7      | Reached * piety under Okawaru
  5693 | D:7      | Reached skill level 10 in Axes
  5919 | D:7      | Reached XP level 9. HP: 83/83 MP: 8/8
  6208 | D:7      | Found a runed door.
  6310 | D:7      | Noticed Crazy Yiuf
  6312 | D:7      | Paralysed by Crazy Yiuf for 7 turns
  6322 | D:7      | Killed Crazy Yiuf
  6446 | D:8      | Reached skill level 5 in Throwing
  6707 | D:8      | Reached ** piety under Okawaru
  6730 | D:8      | Noticed a queen bee
  6746 | D:8      | Reached skill level 11 in Axes
  6964 | D:7      | Reached skill level 10 in Fighting
  6972 | D:7      | Killed a queen bee
  6976 | D:7      | Gained mutation: Your flesh is cold resistant. (rC+) [potion of beneficial mutation]
  6976 | D:7      | HP: 3/85 [killer bee (3)]
  6977 | D:7      | HP: 1/85 [poisoned by a killer bee]
  6978 | D:7      | Succumbed to a killer bee's poison

Skill      XL: |  1  2  3  4  5  6  7  8  9 |
---------------+----------------------------+-----
Axes           | 3 4 5 6 7 8 10 11 | 11.6
Fighting       | 4 5 6 8 9 10 | 10.2
Throwing       | 3 4 6 |  6.0
Armour         | |  3.6
Shields        | |  3.6

Action                   |  1- 3 |  4- 6 |  7- 9 || total
-------------------------+-------+-------+-------++-------
Melee: War axe           |   104 |       |       ||   104
       Headbutt          |    11 |    21 |    57 ||    89
       Whip              |    22 |   118 |    66 ||   206
       Hand axe          |       |       |   219 ||   219
       Bite              |       |       |    19 ||    19
  Use: Potion            |     1 |       |     8 ||     9
       Scroll            |       |       |    13 ||    13
  Eat: Chunk             |     3 |     7 |     9 ||    19
       Fruit             |       |       |     2 ||     2
       Beef jerky        |       |       |     2 ||     2
       Meat ration       |       |       |     1 ||     1
Armor: Scale mail        |    55 |    29 |   112 ||   196
Dodge: Dodged            |    30 |    34 |    78 ||   142
Block: Shield            |    64 |    61 |   186 ||   311
       Reflection        |       |       |     3 ||     3
